Map: 벨시르 잔재 (공허)

Players

herO

  • Race: Protoss Protoss
  • Spawn Location: 5:00

ByuN - Winner!

  • Race: Terran Terran
  • Spawn Location: 11:00

Event: IEM XI Katowice - World Championship 2017

VOD

Have the link to the VOD?

Description

Time

  • Played on: March 2, 2017, 7:18 a.m.
  • Length: 12:57

All games in this series

Show
View Real Time Build Order
Export as new Build Order

herO Protoss 

Build Orders: 1 Gate Expand, Oracle Opening, Phoenix Opening 

Get SALT Encoding   

  12  0:00  Probe (Chrono Boost)  
  13  0:11  Probe (Chrono Boost)  
  14  0:18  Pylon  
  14  0:21  Probe (Chrono Boost)  
  15  0:36  Probe (Chrono Boost)  
  15  0:37  Gateway  
  15  0:41  Assimilator  
  16  0:46  Probe (Chrono Boost)  
  18  0:57  Probe (Chrono Boost)  
  18  1:07  Probe (Chrono Boost)  
  19  1:18  Nexus  
  19  1:27  Cybernetics Core  
  19  1:31  Probe (Chrono Boost)  
  20  1:37  Assimilator  
  20  1:41  Probe (Chrono Boost)  
  20  1:46  Pylon  
  21  1:52  Probe (Chrono Boost)  
  22  2:01  Adept  
  22  2:04  Probe (Chrono Boost)  
  25  2:11  Stargate  
  26  2:16  Probe (Chrono Boost)  
  26  2:20  Warp Gate  
  26  2:24  Adept  
  26  2:28  Probe (Chrono Boost)  
  29  2:30  Probe (Chrono Boost)  
  30  2:40  Probe (Chrono Boost)  
  30  2:41  Probe (Chrono Boost)  
  32  2:51  Oracle, Adept, Probe (Chrono Boost)  
  33  2:52  Probe (Chrono Boost)  
  39  3:02  Probe (Chrono Boost)  
  39  3:04  Probe (Chrono Boost)  
  40  3:16  Probe (Chrono Boost)  
  40  3:17  Probe (Chrono Boost)  
  41  3:22  Oracle  
  39  3:28  Probe (Chrono Boost)  
  39  3:29  Probe (Chrono Boost)  
  39  3:33  Pylon  
  44  3:38  Probe (Chrono Boost)  
  44  3:41  Probe (Chrono Boost)  
  43  3:50  Probe (Chrono Boost)  
  43  3:53  Probe (Chrono Boost)  
  43  3:55  Phoenix  
  43  4:02  Probe (Chrono Boost)  
  46  4:06  Probe (Chrono Boost)  
  46  4:09  Nexus  
  47  4:12  Pylon  
  47  4:13  Probe (Chrono Boost)  
  49  4:17  Phoenix  
  49  4:18  Probe (Chrono Boost)  
  51  4:29  Probe (Chrono Boost)  
  51  4:31  Probe (Chrono Boost)  
  53  4:36  Gateway  
  53  4:38  Gateway  
  53  4:39  Phoenix  
  53  4:43  Probe (Chrono Boost)  
  53  4:45  Assimilator, Probe (Chrono Boost)  
  54  4:46  Assimilator  
  54  4:52  Twilight Council  
  54  4:54  Probe (Chrono Boost)  
  54  4:57  Probe (Chrono Boost)  
  56  5:00  Phoenix  
  56  5:04  Probe (Chrono Boost)  
  59  5:09  Pylon, Probe (Chrono Boost)  
  60  5:16  Probe (Chrono Boost)  
  60  5:21  Resonating Glaives, Probe (Chrono Boost)  
  62  5:22  Phoenix, Probe (Chrono Boost)  
  62  5:27  Probe (Chrono Boost)  
  66  5:32  Probe (Chrono Boost)  
  66  5:33  Probe (Chrono Boost)  
  68  5:37  Probe (Chrono Boost)  
  69  5:43  Probe (Chrono Boost)  
  69  5:44  Phoenix  
  69  5:45  Gateway, Probe (Chrono Boost)  
  69  5:47  Gateway x2  
  69  5:48  Probe (Chrono Boost)  
  69  5:49  Protoss Air Weapons Level 1  
  74  5:52  Gateway  
  74  5:53  Probe (Chrono Boost)  
  76  5:57  Probe (Chrono Boost)  
  76  5:59  Probe (Chrono Boost)  
  76  6:01  Gateway  
  78  6:05  Phoenix, Probe (Chrono Boost)  
  78  6:08  Pylon  
  80  6:11  Adept  
  80  6:12  Adept  
  84  6:18  Pylon  
  84  6:21  Pylon  
  84  6:27  Phoenix  
  84  6:30  Adept  
  88  6:32  Adept  
  88  6:33  Pylon, Adept  
  88  6:34  Pylon  
  88  6:36  Pylon  
  88  6:38  Gateway  
  92  6:42  Adept x3  
  98  6:49  Phoenix  
  100  7:01  Adept  
  100  7:02  Adept x4  
  100  7:04  Adept  
  100  7:05  Adept  
  100  7:07  Adept  
  116  7:10  Phoenix  
  88  7:31  Adept x8  
  88  7:32  Phoenix  
  106  7:48  Nexus  
  106  7:49  Pylon  
  106  7:52  Adept x7  
  120  7:58  Adept x2  
  120  7:59  Phoenix  
  126  8:15  Adept x7  
  126  8:19  Probe (Chrono Boost)  
  113  8:35  Adept x8  
  113  8:36  Adept  
  113  8:56  Stalker x2  
  113  8:57  Stalker  
  113  9:02  Pylon  
  108  9:03  Pylon  
  92  9:23  Stalker  
  92  9:24  Stalker x8  
  96  9:29  Pylon x2  
  106  9:31  Nexus  
  96  9:55  Adept x7  
  96  9:57  Oracle  
  77  10:28  Void Ray  
  63  10:46  Adept x3  
  63  10:47  Adept x6  
  78  11:05  Void Ray  
  82  11:17  Adept x4  
  82  11:18  Adept x4  
  98  11:19  Adept  
  98  11:25  Robotics Facility  
  100  11:46  Adept x8  
  112  12:03  Sentry  
  112  12:08  Adept, Sentry x3  
  120  12:10  Observer  
Show
View Real Time Build Order
Export as new Build Order

ByuN Terran - Winner!

Build Orders: Reaper Expand, MMM Bio 

Get SALT Encoding   

  12  0:00  SCV  
  13  0:12  SCV  
  14  0:17  Supply Depot  
  14  0:24  SCV  
  14  0:28  Refinery  
  15  0:39  SCV  
  16  0:43  Barracks  
  16  0:51  SCV  
  17  1:03  SCV  
  18  1:15  SCV  
  19  1:30  Reaper, Orbital Command  
  20  1:42  Command Center  
  20  1:50  Factory  
  20  1:55  SCV  
  20  2:00  Refinery  
  21  2:05  Barracks Reactor  
  21  2:07  SCV  
  22  2:13  Supply Depot  
  22  2:20  SCV  
  23  2:35  SCV, Starport  
  24  2:38  Widow Mine  
  24  2:43  Marine x2  
  28  2:47  SCV  
  29  2:54  Orbital Command  
  29  3:00  SCV  
  29  3:01  Marine x2  
  32  3:09  Widow Mine  
  32  3:12  SCV  
  35  3:15  Medivac  
  37  3:21  Marine x2  
  40  3:28  Supply Depot  
  40  3:29  SCV x2  
  40  3:38  Marine  
  40  3:39  Marine  
  41  3:50  SCV x2  
  43  3:56  Marine x2  
  43  4:01  Factory Tech Lab  
  43  4:02  Starport Tech Lab  
  45  4:03  Barracks  
  45  4:07  Supply Depot, SCV x2, Barracks  
  47  4:14  Marine  
  48  4:19  SCV x2  
  49  4:26  Marine  
  49  4:31  SCV x2  
  49  4:32  Marine  
  50  4:43  SCV x2  
  52  4:45  Bunker  
  52  4:46  Starport Reactor, Factory Reactor  
  52  4:49  Supply Depot  
  52  4:51  Marine x2  
  54  4:55  SCV x2  
  56  5:01  Marine, Stimpack, Engineering Bay  
  56  5:02  Marine  
  58  5:07  SCV x2  
  58  5:08  Refinery  
  58  5:13  Marine x2  
  61  5:19  Marine x2, SCV x2  
  65  5:23  Supply Depot  
  65  5:28  Medivac x2  
  65  5:31  Terran Infantry Weapons Level 1, SCV  
  70  5:40  Combat Shields  
  70  5:44  Widow Mine x2  
  70  5:45  Supply Depot, SCV  
  70  5:47  Marine x2  
  70  5:49  Supply Depot, Marine  
  78  5:50  Liberator  
  78  5:53  Liberator  
  78  5:56  Missile Turret  
  78  6:01  Supply Depot  
  78  6:05  Missile Turret  
  78  6:06  Marine  
  78  6:07  SCV x2  
  86  6:15  Supply Depot  
  86  6:17  Marine  
  86  6:18  Marine x2  
  89  6:19  SCV x2  
  89  6:23  Supply Depot  
  92  6:28  Widow Mine x2  
  96  6:34  Refinery  
  96  6:35  Liberator, Marine x2  
  96  6:38  Marauder x2  
  101  6:40  Liberator  
  101  6:44  Supply Depot  
  101  6:47  Supply Depot  
  104  6:56  Marine  
  104  6:57  Marine  
  109  7:03  Marauder x2  
  113  7:11  Widow Mine x2  
  113  7:14  Marine x2  
  119  7:22  SCV x2  
  108  7:24  Marauder x2  
  103  7:32  Marine x2  
  103  7:35  Liberator  
  102  7:38  Terran Infantry Armor Level 1  
  102  7:39  Widow Mine x2  
  106  7:44  Liberator  
  106  7:46  Marauder x2  
  106  7:50  Marine  
  106  7:51  Command Center  
  111  7:54  Marine  
  118  8:06  Marine  
  119  8:16  Marine x2, Marauder, Barracks  
  119  8:17  Barracks  
  123  8:20  Widow Mine x2  
  123  8:25  Marauder  
  128  8:30  Liberator  
  112  8:34  Liberator  
  112  8:35  Marine x2  
  112  8:38  Marauder  
  113  8:46  Marauder  
  112  8:48  Widow Mine  
  112  8:49  Widow Mine  
  112  8:55  Marine x2  
  119  8:59  Marauder  
  123  9:04  Orbital Command  
  123  9:08  Marauder  
  112  9:17  Marine  
  112  9:20  Marine  
  112  9:22  Barracks Tech Lab  
  112  9:23  Barracks Reactor  
  114  9:38  Marine, Marauder x2  
  118  9:44  Marauder  
  121  9:51  Widow Mine x2  
  110  9:53  Concussive Shells  
  110  9:58  Bunker  
  108  10:01  Marauder x2  
  108  10:02  Marine x2  
  114  10:12  Marauder  
  110  10:14  Marine x2  
  110  10:17  SCV x3  
  110  10:20  Marine  
  105  10:22  Marauder x2  
  104  10:29  SCV x3  
  104  10:31  Marine  
  104  10:32  Marine  
  106  10:41  SCV x2  
  106  10:42  Medivac  
  110  10:43  Marine  
  111  10:51  Medivac  
  113  10:59  Marine x3  
  116  11:08  Widow Mine x2  
  116  11:10  Marine x2  
  122  11:20  Marine x3  
  122  11:22  Marauder  
  127  11:27  Marauder  
  127  11:28  Marauder  
  131  11:40  Bunker  
  131  11:43  Marine  
  139  11:57  Marine x6  
  137  12:01  Marine  
  138  12:08  Widow Mine  
  138  12:15  Marine x6  
  145  12:23  Marine  
  145  12:24  Orbital Command  
  146  12:32  Marine  
  146  12:33  Marine  
  146  12:36  Marine x4  

Tags
 
Add a new tag
Caveats
  • Supply blocks, unpowered buildings, or Contaminate may cause inaccurate times.
  • Supply counts are checked every 10 seconds.